WCHLSIM.com - West Coast Hockey League
html PUBLIC "-//W3C//DTD XHTML 1.0 Transitional//EN" "http://www.w3.org/TR/xhtml1/DTD/xhtml1-transitional.dtd"> WCHL - Game 623 - TEXAS TOROS vs KELOWNA ROCKETS

TEXAS TOROS vs KELOWNA ROCKETS

Created - 9 janvier 2024 at 22:28

Goals
1 2 3 T
TEXAS TOROS 0 0 1 1
KELOWNA ROCKETS 3 0 1 4
Shots
1 2 3 T
TEXAS TOROS 4 3 9 16
KELOWNA ROCKETS 10 12 5 27

1st period

1. KELOWNA ROCKETS , J.T. Compher 20 (Calle Jarnkrok 8) at 3:41
2. KELOWNA ROCKETS , Valeri Nichushkin 10 (Adam Fox 34, J.T. Compher 26) at 12:22 (PP)
3. KELOWNA ROCKETS , Vladimir Tarasenko 16 (J.T. Compher 27) at 16:17

Penalties :
Dougie Hamilton (TEX) for Roughing (Minor) at 11:08

2nd period

No Goal

Penalties :
Vladimir Tarasenko (KEL) for Holding (Minor) at 2:44, Dougie Hamilton (TEX) for Hooking (Minor) at 5:43, Daniil Tarasov (TEX) for Slashing (Minor) at 6:27 - Kevin Hayes served the penalty.

3rd period

4. TEXAS TOROS , Kevin Hayes 13 (Mikhail Sergachev 13, Dougie Hamilton 16) at 3:07
5. KELOWNA ROCKETS , Adam Fox 6 (Auston Matthews 20, Valeri Nichushkin 12) at 4:23

Penalties :
Adam Fox (KEL) for High sticking (Minor) at 8:00, Kyle Burroughs (KEL) for Tripping (Minor) at 13:08

Goalie Stats

Daniil Tarasov (TEX), 20 saves from 24 shots - (0,833), L, 7-4-2, 44:23 minutes
Philipp Grubauer (TEX), 3 saves from 3 shots - (1,000), 15:37 minutes
Craig Anderson (KEL), 15 saves from 16 shots - (0,938), W, 7-3-1, 60:00 minutes

Players Stats for TEXAS TOROS

Player Name              G  A  P  +/- PIM S  H  SB GA TA FO     MP     PP MP  PK MP  
------------------------------------------------------------------------------------
Danton Heinen            0  0  0  -1  0   1  2  0  0  0  0/2    19:26   1:32   1:28 
Dougie Hamilton          0  1  1  -1  4   0  0  0  0  0  0/0    23:48   2:42   0:21 
Jesse Ylonen             0  0  0   0  0   1  0  0  0  0  1/2     9:33   1:24   0:00 
Jonathan Toews           0  0  0  -1  0   2  1  0  0  0  11/18  16:40   0:00   0:00 
Kevin Hayes              1  0  1   0  0   1  0  0  0  0  9/18   21:44   3:01   1:58 
Mikhail Sergachev        0  1  1  -1  0   1  2  1  0  0  0/0    24:44   2:42   1:15 
Miles Wood               0  0  0  -1  0   0  0  0  0  0  0/0    16:28   3:01   0:00 
Nate Schmidt             0  0  0   0  0   0  0  0  0  0  0/0    14:02   0:00   1:07 
Owen Power               0  0  0   0  0   0  1  2  0  0  0/0    13:44   0:00   0:00 
Ryan Poehling            0  0  0  -1  0   0  0  0  0  0  2/3     3:30   0:00   0:00 
Ryan Suter               0  0  0  -1  0   0  1  1  0  0  0/0    21:40   3:15   2:50 
Taylor Raddysh           0  0  0  -1  0   4  2  0  0  0  0/2    16:28   3:01   0:00 
Trevor Zegras            0  0  0   0  0   1  0  0  0  0  6/15   14:46   2:56   0:00 
Troy Terry               0  0  0  -1  0   1  0  0  0  0  0/1    20:51   2:56   1:15 
Tyson Barrie             0  0  0  -1  0   2  2  0  0  0  0/0    22:00   3:15   2:21 
Tyson Foerster           0  0  0   0  0   1  0  0  0  0  0/0     8:09   0:00   0:00 
Wade Allison             0  0  0   0  0   1  2  0  0  0  1/4    15:02   0:00   1:37 
Yegor Chinakhov          0  0  0   0  0   0  0  0  0  0  0/1    12:11   0:00   0:21 

Players Stats for KELOWNA ROCKETS

Player Name              G  A  P  +/- PIM S  H  SB GA TA FO     MP     PP MP  PK MP  
------------------------------------------------------------------------------------
Adam Fox                 1  1  2   0  2   2  0  1  0  0  0/0    22:14   1:43   2:00 
Anthony DeAngelo         0  0  0   1  0   0  2  0  0  0  0/0    21:30   2:14   2:44 
Auston Matthews          0  1  1   0  0   3  2  0  0  0  10/17  19:06   2:14   0:46 
Calle Jarnkrok           0  1  1   2  0   0  0  0  0  0  0/0    18:42   1:43   1:42 
Carson Meyer             0  0  0   0  0   0  0  0  0  0  0/0     5:11   0:00   0:00 
Derek Ryan               0  0  0   0  0   0  0  0  0  0  6/9    13:32   0:00   0:00 
Dmitri Orlov             0  0  0   0  0   1  1  1  0  0  0/0    23:58   1:43   2:44 
Erik Brannstrom          0  0  0   1  0   2  0  0  0  0  0/0    16:22   2:14   0:05 
J.T. Compher             1  2  3   2  0   7  0  0  0  0  12/23  21:11   1:43   4:11 
Kyle Burroughs           0  0  0   1  2   0  1  2  0  0  0/0    15:10   0:00   1:08 
Lukas Sedlak             0  0  0   0  0   0  1  0  0  0  0/0     5:11   0:00   0:00 
Mark Giordano            0  0  0   1  0   0  0  1  0  0  0/0    20:44   0:00   3:13 
Noah Gregor              0  0  0   0  0   3  0  0  0  0  5/9     5:11   0:00   0:00 
Parker Kelly             0  0  0   0  0   0  1  1  0  0  0/1    13:32   0:00   0:00 
Pavel Buchnevich         0  0  0   0  0   4  0  0  0  0  1/2    18:38   2:14   0:18 
Pavel Dorofeyev          0  0  0   0  0   0  0  0  0  0  0/0    13:32   0:00   0:00 
Valeri Nichushkin        1  1  2   0  0   3  0  0  0  0  1/2    21:46   1:43   3:57 
Vladimir Tarasenko       1  0  1   2  2   2  1  0  0  0  1/3    18:30   2:14   1:00 

3 Stars

1 - J.T. Compher (KEL)
2 - Valeri Nichushkin (KEL)
3 - Vladimir Tarasenko (KEL)

Power Play

TEXAS TOROS - 0 on 3 Attempt(s) - 0,00%
KELOWNA ROCKETS - 1 on 3 Attempt(s) - 33,33%

Penalty Kill

TEXAS TOROS - 2 on 3 Attempt(s) - 66,67% - Score 0 goal in Penalty Kill
KELOWNA ROCKETS - 3 on 3 Attempt(s) - 100,00% - Score 0 goal in Penalty Kill

Team Stat

TEXAS TOROS - Hits : 13 - Faceoff Wins : 30 - Blocked Shots : 4 - Penalty Minutes : 6
KELOWNA ROCKETS - Hits : 9 - Faceoff Wins : 36 - Blocked Shots : 6 - Penalty Minutes : 6

Official

Referees : Conor O'Donnell and Michael Markovic
Linesman : Michel Cormier and Matt Brady

Game Notes

Ryan Poehling is injured at 5:12 of 2nd period (Sprained Right Ankle)
Philipp Grubauer enters game at 4:23 of 3rd period

Finance

Level 1 -- Attendance: 6600 (100,00%) -- Ticket Income 818 400 $
Level 2 -- Attendance: 5600 (100,00%) -- Ticket Income 526 400 $
Level 3 -- Attendance: 2704 (84,50%) -- Ticket Income 173 056 $
Level 4 -- Attendance: 5600 (100,00%) -- Ticket Income 302 400 $
Luxury Box -- Attendance: 1000 (100,00%) -- Ticket Income 259 000 $
Game was played at the Cherepanov Coliseum.
Total Attendance: 21504 (97,75%)
Total Ticket Income: 2 079 256 $
Other Expense: 20 793 $
Total Income: 2 058 463 $

TEXAS TOROS

5 vs 5 Forward 
   Center                   Left Wing                Right Wing               Time % Phy DF OF 
 1 Jonathan Toews           Danton Heinen            Troy Terry               36     1   2  2  
 2 Kevin Hayes              Miles Wood               Taylor Raddysh           31     1   2  2  
 3 Trevor Zegras            Yegor Chinakhov          Wade Allison             23     1   2  2  
 4 Ryan Poehling            Jesse Ylonen             Tyson Foerster           10     1   2  2  

5 vs 5 Defense 
   Defense                  Defense                                           Time % Phy DF OF 
 1 Mikhail Sergachev        Dougie Hamilton                                   36     1   2  2  
 2 Tyson Barrie             Ryan Suter                                        31     1   2  2  
 3 Owen Power               Nate Schmidt                                      23     1   2  2  
 4 Mikhail Sergachev        Dougie Hamilton                                   10     1   2  2  

PowerPlay Forward 
   Center                   Left Wing                Right Wing               Time % Phy DF OF 
 1 Trevor Zegras            Danton Heinen            Troy Terry               55     1   2  2  
 2 Kevin Hayes              Miles Wood               Taylor Raddysh           45     1   2  2  

PowerPlay Defense
   Defense                  Defense                                           Time % Phy DF OF 
 1 Mikhail Sergachev        Dougie Hamilton                                   55     1   2  2  
 2 Tyson Barrie             Ryan Suter                                        45     1   2  2  

Penalty Kill 4 Players Forward 
   Center                   Wing                     Time % Phy DF OF 
 1 Danton Heinen            Kevin Hayes              55     1   2  2  
 2 Troy Terry               Trevor Zegras            45     1   2  2  

Penalty Kill 4 Players Defense
   Defense                  Defense                  Time % Phy DF OF 
 1 Mikhail Sergachev        Dougie Hamilton          55     1   2  2  
 2 Tyson Barrie             Ryan Suter               45     1   2  2  

Penalty Kill - 3 Players Forward 
   Forward                                           Time % Phy DF OF 
 1 Troy Terry                                        55     1   2  2  
 2 Kevin Hayes                                       45     1   2  2  

Penalty Kill - 3 Players Defense
   Defense                  Defense                  Time % Phy DF OF 
 1 Mikhail Sergachev        Dougie Hamilton          55     1   2  2  
 2 Tyson Barrie             Ryan Suter               45     1   2  2  

4 vs 4 Forward 
   Center                   Wing                     Time % Phy DF OF 
 1 Jonathan Toews           Kevin Hayes              55     1   2  2  
 2 Troy Terry               Trevor Zegras            45     1   2  2  

4 vs 4 Defense
   Defense                  Defense                  Time % Phy DF OF 
 1 Mikhail Sergachev        Dougie Hamilton          55     1   2  2  
 2 Tyson Barrie             Ryan Suter               45     1   2  2  

Last Minutes Offensive
   Center                   Left Wing                Right Wing               Defense                  Defense                  
   Jonathan Toews           Danton Heinen            Troy Terry               Mikhail Sergachev        Dougie Hamilton          

Last Minutes Defensive
   Center                   Left Wing                Right Wing               Defense                  Defense                  
   Jonathan Toews           Danton Heinen            Troy Terry               Mikhail Sergachev        Dougie Hamilton          

Goaltenders
Starting : Daniil Tarasov           
Backup : Philipp Grubauer         

Extra Forwards
Normal : Jesse Ylonen, Ryan Poehling, Wade Allison - PP : Jesse Ylonen, Ryan Poehling - PK : Wade Allison
Extra Defensemen
Normal : Owen Power, Nate Schmidt, Tyson Barrie - PP : Owen Power - PK : Nate Schmidt, Tyson Barrie
Penalty Shots
Ryan Poehling, Kevin Hayes, Troy Terry, Trevor Zegras, Taylor Raddysh
Custom OT Lines Forwards
Jesse Ylonen, Kevin Hayes, Troy Terry, Trevor Zegras, Taylor Raddysh, Ryan Poehling, Wade Allison, Danton Heinen, Tyson Foerster, Miles Wood
Custom OT Lines Defensemen
Mikhail Sergachev, Dougie Hamilton, Tyson Barrie, Ryan Suter, Owen Power

Scratches
Colin Blackwell (Healthy), Adin Hill (Right Ankle Injury)

KELOWNA ROCKETS

5 vs 5 Forward 
   Center                   Left Wing                Right Wing               Time % Phy DF OF 
 1 Auston Matthews          Pavel Buchnevich         Valeri Nichushkin        36     0   2  3  
 2 J.T. Compher             Calle Jarnkrok           Vladimir Tarasenko       36     0   2  3  
 3 Derek Ryan               Parker Kelly             Pavel Dorofeyev          28     0   4  1  
 4 Noah Gregor              Lukas Sedlak             Carson Meyer             0      0   3  2  

5 vs 5 Defense 
   Defense                  Defense                                           Time % Phy DF OF 
 1 Adam Fox                 Dmitri Orlov                                      37     0   4  1  
 2 Mark Giordano            Anthony DeAngelo                                  35     0   4  1  
 3 Erik Brannstrom          Kyle Burroughs                                    28     0   4  1  
 4 Dmitri Orlov             Mark Giordano                                     0      0   3  2  

PowerPlay Forward 
   Center                   Left Wing                Right Wing               Time % Phy DF OF 
 1 Auston Matthews          Pavel Buchnevich         Vladimir Tarasenko       60     0   0  5  
 2 J.T. Compher             Calle Jarnkrok           Valeri Nichushkin        40     0   0  5  

PowerPlay Defense
   Defense                  Defense                                           Time % Phy DF OF 
 1 Adam Fox                 Dmitri Orlov                                      65     0   1  4  
 2 Anthony DeAngelo         Erik Brannstrom                                   35     0   1  4  

Penalty Kill 4 Players Forward 
   Center                   Wing                     Time % Phy DF OF 
 1 J.T. Compher             Valeri Nichushkin        65     0   5  0  
 2 Auston Matthews          Pavel Buchnevich         35     0   5  0  

Penalty Kill 4 Players Defense
   Defense                  Defense                  Time % Phy DF OF 
 1 Adam Fox                 Mark Giordano            55     0   5  0  
 2 Dmitri Orlov             Anthony DeAngelo         45     0   5  0  

Penalty Kill - 3 Players Forward 
   Forward                                           Time % Phy DF OF 
 1 J.T. Compher                                      60     0   5  0  
 2 Auston Matthews                                   40     0   5  0  

Penalty Kill - 3 Players Defense
   Defense                  Defense                  Time % Phy DF OF 
 1 Adam Fox                 Mark Giordano            55     0   5  0  
 2 Dmitri Orlov             Anthony DeAngelo         45     0   5  0  

4 vs 4 Forward 
   Center                   Wing                     Time % Phy DF OF 
 1 Auston Matthews          Vladimir Tarasenko       55     0   1  4  
 2 J.T. Compher             Pavel Buchnevich         45     0   1  4  

4 vs 4 Defense
   Defense                  Defense                  Time % Phy DF OF 
 1 Adam Fox                 Dmitri Orlov             55     0   2  3  
 2 Mark Giordano            Anthony DeAngelo         45     0   2  3  

Last Minutes Offensive
   Center                   Left Wing                Right Wing               Defense                  Defense                  
   Auston Matthews          Pavel Buchnevich         Valeri Nichushkin        Adam Fox                 Dmitri Orlov             

Last Minutes Defensive
   Center                   Left Wing                Right Wing               Defense                  Defense                  
   Auston Matthews          J.T. Compher             Valeri Nichushkin        Adam Fox                 Dmitri Orlov             

Goaltenders
Starting : Craig Anderson           
Backup : Pavel Francouz           

Extra Forwards
Normal : Auston Matthews, Pavel Buchnevich, Vladimir Tarasenko - PP : Pavel Dorofeyev, Parker Kelly - PK : Vladimir Tarasenko
Extra Defensemen
Normal : Anthony DeAngelo, Dmitri Orlov, Mark Giordano - PP : Mark Giordano - PK : Kyle Burroughs, Erik Brannstrom
Penalty Shots
Auston Matthews, Vladimir Tarasenko, Pavel Buchnevich, Valeri Nichushkin, J.T. Compher
Custom OT Lines Forwards
Auston Matthews, Pavel Buchnevich, J.T. Compher, Valeri Nichushkin, Calle Jarnkrok, Vladimir Tarasenko, Derek Ryan, Pavel Dorofeyev, Noah Gregor, Parker Kelly
Custom OT Lines Defensemen
Adam Fox, Mark Giordano, Dmitri Orlov, Anthony DeAngelo, Kyle Burroughs

Scratches
Tyler Bertuzzi (Broken Bone (Right Ankle) Injury), Alex Stalock (Sprained Left Knee Injury)

% Time on Ice - TEXAS TOROS

Lines # - Real PCT - Wanted PCT - Time Play
Normal Forward
1 - 33% - 36% - 16:40
2 - 27% - 31% - 13:27
3 - 24% - 23% - 11:50
4 - 16% - 10% - 8:09
Normal Defense
1 - 36% - 36% - 18:11
2 - 31% - 31% - 15:35
3 - 27% - 23% - 13:44
4 - 5% - 10% - 2:36
PP Forward
1 - 49% - 55% - 2:56
2 - 51% - 45% - 3:01
PP Defense
1 - 45% - 55% - 2:42
2 - 55% - 45% - 3:15
PK Forward
1 - 100% - 55% - 2:42
2 - 0% - 45% - 0:00
PK Defense
1 - 13% - 55% - 0:21
2 - 87% - 45% - 2:21
PK3 Forward
1 - 100% - 55% - 1:15
2 - 0% - 45% - 0:00
PK3 Defense
1 - 100% - 55% - 1:15
2 - 0% - 45% - 0:00
44 Forward
1 - 0% - 55%
2 - 0% - 45%
44 Defense
1 - 0% - 55%
2 - 0% - 45%
Last Minute Offensive  - 0:00
Last Minute Defensive  - 0:00
Total
Forward - 60:00
Defense - 60:00

% Time on Ice - KELOWNA ROCKETS

Lines # - Real PCT - Wanted PCT - Time Play
Normal Forward
1 - 32% - 36% - 16:06
2 - 31% - 36% - 15:17
3 - 27% - 28% - 13:32
4 - 10% - 0% - 5:11
Normal Defense
1 - 37% - 37% - 18:18
2 - 33% - 35% - 16:32
3 - 28% - 28% - 14:03
4 - 2% - 0% - 1:13
PP Forward
1 - 57% - 60% - 2:14
2 - 43% - 40% - 1:43
PP Defense
1 - 43% - 65% - 1:43
2 - 57% - 35% - 2:14
PK Forward
1 - 95% - 65% - 5:39
2 - 5% - 35% - 0:18
PK Defense
1 - 54% - 55% - 3:13
2 - 46% - 45% - 2:44
PK3 Forward
1 - 0% - 60%
2 - 0% - 40%
PK3 Defense
1 - 0% - 55%
2 - 0% - 45%
44 Forward
1 - 0% - 55%
2 - 0% - 45%
44 Defense
1 - 0% - 55%
2 - 0% - 45%
Last Minute Offensive  - 0:00
Last Minute Defensive  - 0:00
Total
Forward - 60:00
Defense - 60:00

Play-by-Play

1st period


0:01 of 1st period - Jonathan Toews wins face-off versus Auston Matthews in neutral zone.
0:25 of 1st period - Shot by Mikhail Sergachev.
0:25 of 1st period - Stopped by Craig Anderson without a rebound.
0:26 of 1st period - J.T. Compher wins face-off versus Kevin Hayes in KELOWNA ROCKETS zone.
0:26 of 1st period - J.T. Compher is hit by Taylor Raddysh.
0:32 of 1st period - Shot by Taylor Raddysh.
0:32 of 1st period - Stopped by Craig Anderson without a rebound.
0:33 of 1st period - Derek Ryan wins face-off versus Trevor Zegras in KELOWNA ROCKETS zone.
0:38 of 1st period - Kyle Burroughs is hit by Wade Allison and loses puck.
1:58 of 1st period - Shot by Vladimir Tarasenko.
1:58 of 1st period - Shot Misses the Net.
2:00 of 1st period - Shot by J.T. Compher.
2:00 of 1st period - Shot Misses the Net.
2:02 of 1st period - Shot by J.T. Compher.
2:02 of 1st period - Stopped by Daniil Tarasov without a rebound.
2:03 of 1st period - Jonathan Toews wins face-off versus Pavel Buchnevich in TEXAS TOROS zone.
2:09 of 1st period - Off-side.
2:10 of 1st period - Jonathan Toews wins face-off versus Valeri Nichushkin in neutral zone.
3:11 of 1st period - Jesse Ylonen is hit by Auston Matthews and loses puck.
3:41 of 1st period - Shot by J.T. Compher.
3:41 of 1st period - Goal by J.T. Compher - TEXAS TOROS : 0 - KELOWNA ROCKETS : 1.
3:42 of 1st period - Noah Gregor wins face-off versus Kevin Hayes in neutral zone.
3:47 of 1st period - Shot by Noah Gregor.
3:47 of 1st period - Stopped by Daniil Tarasov without a rebound.
3:48 of 1st period - Derek Ryan wins face-off versus Kevin Hayes in TEXAS TOROS zone.
4:24 of 1st period - Shot by Taylor Raddysh.
4:24 of 1st period - Shot Misses the Net.
4:35 of 1st period - Miles Wood is hit by Anthony DeAngelo and loses puck.
4:43 of 1st period - Mark Giordano is hit by Taylor Raddysh and loses puck.
6:55 of 1st period - Shot by Troy Terry.
6:55 of 1st period - Shot Hit the Post.
7:15 of 1st period - Shot by Troy Terry.
7:15 of 1st period - Shot Misses the Net.
7:18 of 1st period - Icing by Noah Gregor.
7:19 of 1st period - Ryan Poehling wins face-off versus Noah Gregor in KELOWNA ROCKETS zone.
7:20 of 1st period - Shot by Tyson Foerster.
7:20 of 1st period - Stopped by Craig Anderson without a rebound.
7:21 of 1st period - Ryan Poehling wins face-off versus J.T. Compher in KELOWNA ROCKETS zone.
7:44 of 1st period - Shot by J.T. Compher.
7:44 of 1st period - Deflect By Vladimir Tarasenko.
7:44 of 1st period - Shot Blocked by Owen Power.
7:46 of 1st period - Shot by Calle Jarnkrok.
7:46 of 1st period - Shot Misses the Net.
7:52 of 1st period - Shot by Vladimir Tarasenko.
7:52 of 1st period - Shot Misses the Net.
7:54 of 1st period - Shot by J.T. Compher.
7:54 of 1st period - Shot Blocked by Owen Power.
8:43 of 1st period - Icing by Nate Schmidt.
8:44 of 1st period - Auston Matthews wins face-off versus Ryan Poehling in TEXAS TOROS zone.
8:53 of 1st period - Shot by Adam Fox.
8:53 of 1st period - Stopped by Daniil Tarasov without a rebound.
8:54 of 1st period - Jonathan Toews wins face-off versus Auston Matthews in TEXAS TOROS zone.
9:18 of 1st period - Off-side.
9:19 of 1st period - Kevin Hayes wins face-off versus Vladimir Tarasenko in neutral zone.
10:35 of 1st period - Shot by Troy Terry.
10:35 of 1st period - Deflect By Jonathan Toews.
10:35 of 1st period - Shot Misses the Net.
10:48 of 1st period - Shot by Troy Terry.
10:48 of 1st period - Shot Blocked by Adam Fox.
11:03 of 1st period - Icing by Mikhail Sergachev.
11:04 of 1st period - Auston Matthews wins face-off versus Jonathan Toews in TEXAS TOROS zone.
11:08 of 1st period - Minor Penalty to Dougie Hamilton for Roughing.
11:09 of 1st period - Wade Allison wins face-off versus Auston Matthews in TEXAS TOROS zone.
12:08 of 1st period - Shot by Dmitri Orlov.
12:08 of 1st period - Shot Misses the Net.
12:20 of 1st period - Shot by Adam Fox.
12:20 of 1st period - Shot Misses the Net.
12:22 of 1st period - Shot by Valeri Nichushkin.
12:22 of 1st period - Goal by Valeri Nichushkin - TEXAS TOROS : 0 - KELOWNA ROCKETS : 2.
12:23 of 1st period - Jesse Ylonen wins face-off versus Derek Ryan in neutral zone.
12:32 of 1st period - Shot by Dougie Hamilton.
12:32 of 1st period - Shot Blocked by Mark Giordano.
12:48 of 1st period - Shot by Jesse Ylonen.
12:48 of 1st period - Shot Blocked by Parker Kelly.
14:00 of 1st period - Shot by Vladimir Tarasenko.
14:00 of 1st period - Shot Misses the Net.
14:39 of 1st period - Shot by Pavel Buchnevich.
14:39 of 1st period - Stopped by Daniil Tarasov without a rebound.
14:40 of 1st period - Noah Gregor wins face-off versus Wade Allison in TEXAS TOROS zone.
15:20 of 1st period - Icing by Mark Giordano.
15:21 of 1st period - Noah Gregor wins face-off versus Kevin Hayes in KELOWNA ROCKETS zone.
15:31 of 1st period - Icing by Tyson Barrie.
15:32 of 1st period - Auston Matthews wins face-off versus Kevin Hayes in TEXAS TOROS zone.
16:07 of 1st period - Shot by Taylor Raddysh.
16:07 of 1st period - Stopped by Craig Anderson without a rebound.
16:08 of 1st period - J.T. Compher wins face-off versus Jonathan Toews in KELOWNA ROCKETS zone.
16:15 of 1st period - Shot by J.T. Compher.
16:15 of 1st period - Shot Misses the Net.
16:17 of 1st period - Shot by J.T. Compher.
16:17 of 1st period - Deflect By Vladimir Tarasenko.
16:17 of 1st period - Goal by Vladimir Tarasenko - TEXAS TOROS : 0 - KELOWNA ROCKETS : 3.
16:18 of 1st period - Trevor Zegras wins face-off versus J.T. Compher in neutral zone.
16:50 of 1st period - Shot by J.T. Compher.
16:50 of 1st period - Shot Misses the Net.
16:52 of 1st period - Shot by Vladimir Tarasenko.
16:52 of 1st period - Shot Misses the Net.
16:54 of 1st period - Shot by Vladimir Tarasenko.
16:54 of 1st period - Stopped by Daniil Tarasov with a rebound.
16:56 of 1st period - Shot by J.T. Compher.
16:56 of 1st period - Stopped by Daniil Tarasov without a rebound.
16:57 of 1st period - Jonathan Toews wins face-off versus Auston Matthews in TEXAS TOROS zone.
17:23 of 1st period - Shot by Pavel Buchnevich.
17:23 of 1st period - Stopped by Daniil Tarasov with a rebound.
17:25 of 1st period - Shot by Pavel Buchnevich.
17:25 of 1st period - Shot Blocked by Ryan Suter.
18:45 of 1st period - Icing by Dougie Hamilton.
18:46 of 1st period - Kevin Hayes wins face-off versus J.T. Compher in TEXAS TOROS zone.
18:48 of 1st period - Icing by Mikhail Sergachev.
18:49 of 1st period - Vladimir Tarasenko wins face-off versus Kevin Hayes in TEXAS TOROS zone.
19:16 of 1st period - Shot by Kevin Hayes.
19:16 of 1st period - Deflect By Miles Wood.
19:16 of 1st period - Shot Blocked by Kyle Burroughs.
Goals for this period are 0 for TEXAS TOROS vs 3 for KELOWNA ROCKETS.
Shots for this period are 4 for TEXAS TOROS vs 10 for KELOWNA ROCKETS.

2nd period


0:01 of 2nd period - Auston Matthews wins face-off versus Jonathan Toews in neutral zone.
0:14 of 2nd period - Tyson Barrie is hit by Anthony DeAngelo and loses puck.
0:33 of 2nd period - Shot by Tyson Barrie.
0:33 of 2nd period - Stopped by Craig Anderson without a rebound.
0:34 of 2nd period - J.T. Compher wins face-off versus Taylor Raddysh in KELOWNA ROCKETS zone.
0:51 of 2nd period - Shot by Dougie Hamilton.
0:51 of 2nd period - Shot Misses the Net.
1:18 of 2nd period - Off-side.
1:19 of 2nd period - Auston Matthews wins face-off versus Trevor Zegras in neutral zone.
1:57 of 2nd period - Auston Matthews is hit by Tyson Barrie and loses puck.
2:04 of 2nd period - Yegor Chinakhov is hit by Auston Matthews and loses puck.
2:23 of 2nd period - Icing by Owen Power.
2:24 of 2nd period - J.T. Compher wins face-off versus Jonathan Toews in TEXAS TOROS zone.
2:44 of 2nd period - Minor Penalty to Vladimir Tarasenko for Holding.
2:45 of 2nd period - J.T. Compher wins face-off versus Kevin Hayes in KELOWNA ROCKETS zone.
3:00 of 2nd period - Shot by Kevin Hayes.
3:00 of 2nd period - Shot Misses the Net.
3:40 of 2nd period - Icing by Dougie Hamilton.
3:41 of 2nd period - Kevin Hayes wins face-off versus J.T. Compher in TEXAS TOROS zone.
4:15 of 2nd period - Adam Fox is hit by Danton Heinen and loses puck.
4:20 of 2nd period - Shot by Tyson Barrie.
4:20 of 2nd period - Stopped by Craig Anderson without a rebound.
4:21 of 2nd period - J.T. Compher wins face-off versus Trevor Zegras in KELOWNA ROCKETS zone.
4:29 of 2nd period - Icing by Troy Terry.
4:30 of 2nd period - Trevor Zegras wins face-off versus J.T. Compher in TEXAS TOROS zone.
5:11 of 2nd period - Ryan Poehling is hit by Parker Kelly and loses puck.
5:12 of 2nd period - Ryan Poehling from TEXAS TOROS is injured at 5:12 of 2nd period (Sprained Right Ankle).
5:13 of 2nd period - Trevor Zegras wins face-off versus Noah Gregor in neutral zone.
5:30 of 2nd period - Shot by Lukas Sedlak.
5:30 of 2nd period - Shot Hit the Post.
5:41 of 2nd period - Lukas Sedlak is hit by Mikhail Sergachev and loses puck.
5:43 of 2nd period - Minor Penalty to Dougie Hamilton for Hooking.
5:44 of 2nd period - Auston Matthews wins face-off versus Danton Heinen in TEXAS TOROS zone.
6:13 of 2nd period - Shot by Vladimir Tarasenko.
6:13 of 2nd period - Deflect By Auston Matthews.
6:13 of 2nd period - Stopped by Daniil Tarasov with a rebound.
6:15 of 2nd period - Shot by Auston Matthews.
6:15 of 2nd period - Shot Misses the Net.
6:27 of 2nd period - Shot by Auston Matthews.
6:27 of 2nd period - Stopped by Daniil Tarasov without a rebound.
6:27 of 2nd period - Minor Penalty to Daniil Tarasov for Slashing.
6:28 of 2nd period - J.T. Compher wins face-off versus Troy Terry in TEXAS TOROS zone.
6:41 of 2nd period - Shot by J.T. Compher.
6:41 of 2nd period - Shot Misses the Net.
6:43 of 2nd period - Shot by Valeri Nichushkin.
6:43 of 2nd period - Stopped by Daniil Tarasov with a rebound.
6:45 of 2nd period - Shot by Valeri Nichushkin.
6:45 of 2nd period - Deflect By J.T. Compher.
6:45 of 2nd period - Stopped by Daniil Tarasov with a rebound.
6:47 of 2nd period - Shot by Adam Fox.
6:47 of 2nd period - Shot Misses the Net.
8:13 of 2nd period - Shot by Valeri Nichushkin.
8:13 of 2nd period - Shot Misses the Net.
8:35 of 2nd period - Parker Kelly is hit by Tyson Barrie and loses puck.
9:15 of 2nd period - Shot by Noah Gregor.
9:15 of 2nd period - Stopped by Daniil Tarasov without a rebound.
9:16 of 2nd period - Auston Matthews wins face-off versus Trevor Zegras in TEXAS TOROS zone.
9:21 of 2nd period - Shot by Pavel Buchnevich.
9:21 of 2nd period - Shot Misses the Net.
9:57 of 2nd period - Auston Matthews is hit by Wade Allison.
10:21 of 2nd period - Shot by Vladimir Tarasenko.
10:21 of 2nd period - Shot Misses the Net.
10:23 of 2nd period - Shot by Erik Brannstrom.
10:23 of 2nd period - Shot Misses the Net.
10:27 of 2nd period - Shot by J.T. Compher.
10:27 of 2nd period - Stopped by Daniil Tarasov without a rebound.
10:28 of 2nd period - Derek Ryan wins face-off versus Jonathan Toews in TEXAS TOROS zone.
13:36 of 2nd period - Shot by Pavel Buchnevich.
13:36 of 2nd period - Shot Misses the Net.
13:52 of 2nd period - Shot by Valeri Nichushkin.
13:52 of 2nd period - Stopped by Daniil Tarasov with a rebound.
14:10 of 2nd period - Shot by Noah Gregor.
14:10 of 2nd period - Stopped by Daniil Tarasov with a rebound.
14:12 of 2nd period - Shot by Adam Fox.
14:12 of 2nd period - Deflect By Noah Gregor.
14:12 of 2nd period - Shot Misses the Net.
14:14 of 2nd period - Shot by Dmitri Orlov.
14:14 of 2nd period - Stopped by Daniil Tarasov without a rebound.
14:15 of 2nd period - J.T. Compher wins face-off versus Jonathan Toews in TEXAS TOROS zone.
14:18 of 2nd period - Shot by J.T. Compher.
14:18 of 2nd period - Shot Misses the Net.
14:20 of 2nd period - Shot by J.T. Compher.
14:20 of 2nd period - Stopped by Daniil Tarasov without a rebound.
14:21 of 2nd period - Jonathan Toews wins face-off versus Noah Gregor in TEXAS TOROS zone.
14:21 of 2nd period - Jonathan Toews is hit by Lukas Sedlak.
14:44 of 2nd period - Shot by Troy Terry.
14:44 of 2nd period - Deflect By Jonathan Toews.
14:44 of 2nd period - Shot Blocked by Dmitri Orlov.
14:58 of 2nd period - Shot by Jonathan Toews.
14:58 of 2nd period - Stopped by Craig Anderson without a rebound.
14:59 of 2nd period - Kevin Hayes wins face-off versus J.T. Compher in KELOWNA ROCKETS zone.
18:02 of 2nd period - J.T. Compher is hit by Owen Power and loses puck.
18:09 of 2nd period - Shot by J.T. Compher.
18:09 of 2nd period - Stopped by Daniil Tarasov without a rebound.
18:10 of 2nd period - Auston Matthews wins face-off versus Danton Heinen in TEXAS TOROS zone.
18:11 of 2nd period - Shot by Pavel Buchnevich.
18:11 of 2nd period - Stopped by Daniil Tarasov without a rebound.
18:12 of 2nd period - Pavel Buchnevich wins face-off versus Wade Allison in TEXAS TOROS zone.
18:19 of 2nd period - Shot by Auston Matthews.
18:19 of 2nd period - Shot Misses the Net.
18:23 of 2nd period - Shot by Valeri Nichushkin.
18:23 of 2nd period - Shot Misses the Net.
18:25 of 2nd period - Shot by Mark Giordano.
18:25 of 2nd period - Shot Misses the Net.
19:16 of 2nd period - Shot by J.T. Compher.
19:16 of 2nd period - Shot Misses the Net.
Goals for this period are 0 for TEXAS TOROS vs 0 for KELOWNA ROCKETS.
Shots for this period are 3 for TEXAS TOROS vs 12 for KELOWNA ROCKETS.

3rd period


0:01 of 3rd period - Kevin Hayes wins face-off versus J.T. Compher in neutral zone.
0:11 of 3rd period - Icing by Taylor Raddysh.
0:12 of 3rd period - Auston Matthews wins face-off versus Kevin Hayes in TEXAS TOROS zone.
2:22 of 3rd period - Shot by Yegor Chinakhov.
2:22 of 3rd period - Shot Misses the Net.
2:24 of 3rd period - Shot by Trevor Zegras.
2:24 of 3rd period - Shot Blocked by Kyle Burroughs.
2:39 of 3rd period - Shot by Trevor Zegras.
2:39 of 3rd period - Shot Misses the Net.
2:45 of 3rd period - Shot by Trevor Zegras.
2:45 of 3rd period - Deflect By Wade Allison.
2:45 of 3rd period - Stopped by Craig Anderson without a rebound.
2:46 of 3rd period - Kevin Hayes wins face-off versus Auston Matthews in KELOWNA ROCKETS zone.
3:07 of 3rd period - Shot by Kevin Hayes.
3:07 of 3rd period - Goal by Kevin Hayes - TEXAS TOROS : 1 - KELOWNA ROCKETS : 3.
3:08 of 3rd period - Jonathan Toews wins face-off versus J.T. Compher in neutral zone.
4:21 of 3rd period - Shot by Valeri Nichushkin.
4:21 of 3rd period - Deflect By Auston Matthews.
4:21 of 3rd period - Stopped by Daniil Tarasov with a rebound.
4:23 of 3rd period - Shot by Adam Fox.
4:23 of 3rd period - Goal by Adam Fox - TEXAS TOROS : 1 - KELOWNA ROCKETS : 4.
4:23 of 3rd period - Philipp Grubauer enters game.
4:24 of 3rd period - Derek Ryan wins face-off versus Yegor Chinakhov in neutral zone.
4:27 of 3rd period - Shot by Erik Brannstrom.
4:27 of 3rd period - Stopped by Philipp Grubauer with a rebound.
4:29 of 3rd period - Shot by Erik Brannstrom.
4:29 of 3rd period - Stopped by Philipp Grubauer without a rebound.
4:30 of 3rd period - Trevor Zegras wins face-off versus Auston Matthews in TEXAS TOROS zone.
4:37 of 3rd period - Icing by Valeri Nichushkin.
4:38 of 3rd period - Auston Matthews wins face-off versus Trevor Zegras in KELOWNA ROCKETS zone.
4:56 of 3rd period - Off-side.
4:57 of 3rd period - Derek Ryan wins face-off versus Taylor Raddysh in neutral zone.
5:33 of 3rd period - Shot by Taylor Raddysh.
5:33 of 3rd period - Shot Misses the Net.
5:35 of 3rd period - Shot by Tyson Barrie.
5:35 of 3rd period - Shot Misses the Net.
6:35 of 3rd period - Calle Jarnkrok is hit by Jonathan Toews and loses puck.
6:47 of 3rd period - Icing by Mikhail Sergachev.
6:48 of 3rd period - Jonathan Toews wins face-off versus Auston Matthews in TEXAS TOROS zone.
6:57 of 3rd period - Shot by Pavel Buchnevich.
6:57 of 3rd period - Shot Misses the Net.
6:59 of 3rd period - Shot by Valeri Nichushkin.
6:59 of 3rd period - Shot Misses the Net.
7:15 of 3rd period - Shot by Pavel Buchnevich.
7:15 of 3rd period - Shot Blocked by Mikhail Sergachev.
7:17 of 3rd period - Shot by Pavel Buchnevich.
7:17 of 3rd period - Stopped by Philipp Grubauer without a rebound.
7:18 of 3rd period - Kevin Hayes wins face-off versus Noah Gregor in TEXAS TOROS zone.
7:46 of 3rd period - Kevin Hayes is hit by Dmitri Orlov and loses puck.
7:53 of 3rd period - Shot by Kevin Hayes.
7:53 of 3rd period - Shot Misses the Net.
8:00 of 3rd period - Minor Penalty to Adam Fox for High sticking.
8:01 of 3rd period - Trevor Zegras wins face-off versus J.T. Compher in KELOWNA ROCKETS zone.
8:20 of 3rd period - Shot by Trevor Zegras.
8:20 of 3rd period - Shot Misses the Net.
8:27 of 3rd period - Icing by Troy Terry.
8:28 of 3rd period - Trevor Zegras wins face-off versus J.T. Compher in TEXAS TOROS zone.
8:32 of 3rd period - Icing by Trevor Zegras.
8:33 of 3rd period - J.T. Compher wins face-off versus Trevor Zegras in TEXAS TOROS zone.
9:06 of 3rd period - Shot by J.T. Compher.
9:06 of 3rd period - Shot Misses the Net.
9:30 of 3rd period - Kevin Hayes is hit by Vladimir Tarasenko and loses puck.
10:08 of 3rd period - Shot by Trevor Zegras.
10:08 of 3rd period - Stopped by Craig Anderson without a rebound.
10:09 of 3rd period - Noah Gregor wins face-off versus Trevor Zegras in KELOWNA ROCKETS zone.
10:51 of 3rd period - Icing by Nate Schmidt.
10:52 of 3rd period - J.T. Compher wins face-off versus Trevor Zegras in TEXAS TOROS zone.
10:58 of 3rd period - Icing by Wade Allison.
10:59 of 3rd period - J.T. Compher wins face-off versus Trevor Zegras in TEXAS TOROS zone.
11:31 of 3rd period - Vladimir Tarasenko is hit by Mikhail Sergachev and loses puck.
12:14 of 3rd period - Shot by Danton Heinen.
12:14 of 3rd period - Stopped by Craig Anderson without a rebound.
12:15 of 3rd period - Jonathan Toews wins face-off versus Derek Ryan in KELOWNA ROCKETS zone.
12:16 of 3rd period - Shot by Troy Terry.
12:16 of 3rd period - Stopped by Craig Anderson without a rebound.
12:17 of 3rd period - Jonathan Toews wins face-off versus Derek Ryan in KELOWNA ROCKETS zone.
12:20 of 3rd period - Shot by Jonathan Toews.
12:20 of 3rd period - Stopped by Craig Anderson with a rebound.
12:30 of 3rd period - Tyson Barrie is hit by Kyle Burroughs and loses puck.
12:34 of 3rd period - Icing by Erik Brannstrom.
12:35 of 3rd period - Derek Ryan wins face-off versus Wade Allison in KELOWNA ROCKETS zone.
12:51 of 3rd period - Icing by Kyle Burroughs.
12:52 of 3rd period - Jonathan Toews wins face-off versus Parker Kelly in KELOWNA ROCKETS zone.
13:08 of 3rd period - Minor Penalty to Kyle Burroughs for Tripping.
13:09 of 3rd period - J.T. Compher wins face-off versus Kevin Hayes in KELOWNA ROCKETS zone.
15:41 of 3rd period - Shot by Jesse Ylonen.
15:41 of 3rd period - Stopped by Craig Anderson without a rebound.
15:42 of 3rd period - Noah Gregor wins face-off versus Jonathan Toews in KELOWNA ROCKETS zone.
16:01 of 3rd period - Noah Gregor is hit by Danton Heinen and loses puck.
16:47 of 3rd period - Pavel Buchnevich is hit by Ryan Suter and loses puck.
17:22 of 3rd period - Shot by Kevin Hayes.
17:22 of 3rd period - Shot Misses the Net.
17:24 of 3rd period - Shot by Taylor Raddysh.
17:24 of 3rd period - Stopped by Craig Anderson with a rebound.
17:34 of 3rd period - Shot by Taylor Raddysh.
17:34 of 3rd period - Stopped by Craig Anderson without a rebound.
17:35 of 3rd period - Kevin Hayes wins face-off versus Vladimir Tarasenko in KELOWNA ROCKETS zone.
17:39 of 3rd period - Icing by Erik Brannstrom.
17:40 of 3rd period - Kevin Hayes wins face-off versus J.T. Compher in KELOWNA ROCKETS zone.
18:26 of 3rd period - Icing by Mikhail Sergachev.
18:27 of 3rd period - Valeri Nichushkin wins face-off versus Jesse Ylonen in TEXAS TOROS zone.
18:44 of 3rd period - Shot by Auston Matthews.
18:44 of 3rd period - Shot Misses the Net.
19:15 of 3rd period - Shot by Pavel Buchnevich.
19:15 of 3rd period - Shot Misses the Net.
Goals for this period are 1 for TEXAS TOROS vs 1 for KELOWNA ROCKETS.
Shots for this period are 9 for TEXAS TOROS vs 5 for KELOWNA ROCKETS.


BLAKE
WHEELER
STEVEN
STAMKOS
DREW
DOUGHTY

EAST COAST

HOCKEY LEAGUE

  • 63.RHI2PIT5
  • 64.WOR4ATL3
  • 65.QUECHW
  • 66.CHATRV